 Dungeon Crawl Stone Soup version 0.27.0-1-g7a089689b8 (webtiles) character file.

Game seed: 15350692039901165565

136 SkeletonJelly the Slasher (level 5, -11/41 HPs)
             Began as a Human Monk on Aug 15, 2021.
             Mangled by a gnoll (19 damage)
             ... on level 3 of the Dungeon.
             The game lasted 00:06:31 (3235 turns).

SkeletonJelly the Slasher (Human Monk)              Turns: 3235, Time: 00:06:31

Health: -11/41     AC:  5    Str: 12    XL:     5   Next: 43%
Magic:  5/5        EV: 11    Int: 10    God:
Gold:   99         SH:  0    Dex: 16    Spells: 4/4 levels left

rFire    . . .     SeeInvis .   a - +1 falchion
rCold    . . .     Faith    .   (no shield)
rNeg     . . .     Spirit   .   k - +0 ring mail
rPois    .         Reflect  .   d - +0 hat
rElec    .         Harm     .   (no cloak)
rCorr    .         Rampage  .   (no gloves)
Will     .....                  (no boots)
Stlth    +.........             (no amulet)
HPRegen  0.13/turn              (no ring)
MPRegen  0.09/turn              (no ring)

@: no status effects
A: no striking features
a: no special abilities


You were on level 3 of the Dungeon.
You visited 1 branch of the dungeon, and saw 3 of its levels.

You collected 99 gold pieces.

Inventory:

Hand Weapons
 a - a +1 falchion (weapon)
Missiles
 g - 2 datura-tipped darts (quivered)
 j - 13 poisoned darts
Armour
 b - a +0 robe
 d - a +0 hat (worn)
 k - a +0 ring mail (worn)
 n - a +0 scale mail
 q - a +0 chain mail
Scrolls
 c - a scroll of identify
 h - a scroll of blinking
 i - a scroll of teleportation
 m - a scroll of acquirement
Potions
 e - a potion of heal wounds {unknown}
 p - 2 potions of brilliance {unknown}


   Skills:
 - Level 3.0 Fighting
 * Level 5.4 Long Blades
 + Level 1.4 Armour
 - Level 3.0 Dodging
 - Level 2.0 Stealth


You had 4 spell levels left.
You didn't know any spells.
Your spell library was empty.

Dungeon Overview and Level Annotations

Branches:
Dungeon (3/15)

Altars:
Ashenzari


Message History

You hit the hobgoblin.
The hobgoblin is moderately wounded.
The hobgoblin hits you but does no damage.
You closely miss the hobgoblin.
The hobgoblin is moderately wounded.
The hobgoblin hits you but does no damage.
You hit the hobgoblin.
The hobgoblin is severely wounded.
The hobgoblin barely misses you.
You hit the hobgoblin.
You kill the hobgoblin!
You hear the brisk rusting of a distant drain.
c - a scroll of identify You now have 99 gold pieces (gained 31).
You see here a +0 spear.
Found an escape hatch in the ceiling.
There is an escape hatch in the ceiling here.
You see here a +0 short sword.
The endoplasm hits you but does no damage.
You hit the endoplasm.
The endoplasm is severely wounded.
The endoplasm hits you.
Your ring mail prevents you from hitting the endoplasm.
The endoplasm is severely wounded.
The endoplasm barely misses you.
You barely miss the endoplasm.
The endoplasm is severely wounded.
The endoplasm hits you.
You hit the endoplasm.
You kill the endoplasm!
No target in view!
No target in view!
No target in view!
No target in view!
You hear the quick rusting of a very distant drain.
g - 3 datura-tipped darts (gained 1)
You see here a +0 whip.
Key pressed, stopping explore.
A bat comes into view.
The bat moves out of view.
Found a broken altar of Ashenzari.
Found a stone staircase leading up.
A bat is nearby!
A bat is nearby!
A bat is nearby!
There is a stone staircase leading up here.
An adder comes into view.
The bat hits you but does no damage.
Found 11 arrows.
You completely miss the bat. The bat closely misses you.
The bat hits you but does no damage.
You hit the bat.
You kill the bat!
The adder hisses angrily.
The adder closely misses you.
You barely miss the adder. The adder bites you but does no damage.
The adder bites you.
You hit the adder but do no damage. The adder bites you.
You miss the adder. The adder bites you but does no damage.
You closely miss the adder. The adder bites you. The adder barely misses you.
You hit the adder.
The adder is lightly wounded.
The adder bites you but does no damage.
You hit the adder.
The adder is heavily wounded.
The adder bites you.
You barely miss the adder.
The adder is heavily wounded.
The adder bites you. The adder bites you but does no damage.
You miss the adder.
The adder is heavily wounded.
The adder misses you.
You hit the adder.
You kill the adder!
No target in view!
No target in view!
No target in view!
No target in view!
You hear the quick rusting of a very distant drain.
A gnoll is nearby!
A gnoll is nearby!
A gnoll is nearby!
A gnoll is nearby!
A gnoll is nearby!
A gnoll is nearby!
The gnoll shouts!
The gnoll barely misses you.
You throw a datura-tipped dart. The datura-tipped dart hits the gnoll.
The gnoll flies into a frenzy!
The gnoll closely misses you. The gnoll hits you with a +0 flail!
The gnoll hits you with a +0 flail. The gnoll hits you with a +0 flail!
* * * LOW HITPOINT WARNING * * *
You are too injured to fight recklessly!
You are too injured to fight recklessly!
You are too injured to fight recklessly!
You are too injured to fight recklessly!
The gnoll hits you with a +0 flail.
* * * LOW HITPOINT WARNING * * *
You closely miss the gnoll. The gnoll hits you with a +0 flail!!
You die...

.. ..# .. ...8.8..# #.##.#
#..... ........# ....# #.#...
#.# #...# #.... #.# #...###..#
#######g# #...##...#
.........#
##...#.._.###.######..#
#.....(.......# #.J#
#†..(#.g@g..########..#
..........##.<.#.#.........#
...................#####...###
##............#..####.........
###.##########..# #.##...###
#. #..# #.###.## # #..# #.#
#.#### #######..# #.# #.#...
.........# #.# #.#.##


You could see a gnoll and a neutral gnoll (fast, strong, insane).

Vanquished Creatures
  Jessica (D:2)
  2 adders
  A gnoll (D:1)
  A worm (D:2)
  4 dart slugs
  7 endoplasms
  5 goblins
  9 hobgoblins
  3 jackals (D:2)
  5 quokkas
  3 ball pythons (D:1)
  7 bats
  6 frilled lizards
  2 kobolds
  6 rats
62 creatures vanquished.

Vanquished Creatures (collateral kills)
  A gnoll (D:3)
  A kobold (D:3)
2 creatures vanquished.

Grand Total: 64 creatures vanquished

Notes
Turn   | Place    | Note
-------+----------+-------------------------------------------
     0 | D:1      | SkeletonJelly the Human Monk began the quest for the Orb.
     0 | D:1      | Reached XP level 1. HP: 18/18 MP: 1/1
   179 | D:1      | Reached XP level 2. HP: 17/24 MP: 2/2
   579 | D:1      | Reached skill level 4 in Long Blades
   579 | D:1      | Reached XP level 3. HP: 9/29 MP: 3/3
  1374 | D:2      | Reached XP level 4. HP: 35/35 MP: 4/4
  2241 | D:2      | Noticed Jessica
  2256 | D:2      | Killed Jessica
  2257 | D:2      | Reached skill level 5 in Long Blades
  2257 | D:2      | Reached skill level 1 in Armour
  2257 | D:2      | Reached XP level 5. HP: 11/41 MP: 5/5
  2667 | D:3      | Identified a scroll of acquirement
  2716 | D:3      | Found a faded altar of an unknown god.
  3193 | D:3      | Found a broken altar of Ashenzari.
  3235 | D:3      | Mangled by a gnoll

Illustrated notes

Levels and vault maps discovered:
D:1:      scummos_arrival_forest, layout_rooms
D:2:      layout_loops_ring, kennysheep_jessica_study
D:3:      layout_loops_ring, overflow_temple_1_default,
          lightli_sewer_entry_pipes, dreamdust_ecumenical_altar_statues,
          minmay_goblin_kobold_house, uniq_natasha

Skill      XL: |  1  2  3  4 |
---------------+-------------+-----
Long Blades    | 4 5 |  5.4
Armour         | 1 |  1.4
Fighting       | |  3.0
Dodging        | |  3.0
Stealth        | |  2.0

Action                   |  1- 3 |  4- 6 || total
-------------------------+-------+-------++-------
Melee: Falchion          |    91 |   108 ||   199
Throw: Dart              |       |     2 ||     2
  Use: Scroll            |       |     5 ||     5
       Potion            |       |     1 ||     1
 Stab: Sleeping          |     6 |       ||     6
       Distracted        |     1 |       ||     1
Armor: Robe              |    10 |     2 ||    12
       Ring mail         |       |    53 ||    53
Dodge: Dodged            |    63 |    81 ||   144
       Rpst.: Falchion   |    16 |    19 ||    35
